 Dungeon Crawl Stone Soup version 0.27.0-1-g7a089689b8 (webtiles) character file.

Game seed: 8513729069232965312

12 Spaninq the Grasshopper (level 2, -1/17 HPs)
             Began as a Deep Elf Warper on Aug 6, 2021.
             Slain by a kobold (4 damage)
             ... on level 1 of the Dungeon.
             The game lasted 00:01:50 (917 turns).

Spaninq the Grasshopper (Deep Elf Warper)            Turns: 917, Time: 00:01:50

Health: -1/17      AC:  5    Str:  8    XL:     2   Next: 20%
Magic:  8/8        EV: 10    Int: 17    God:
Gold:   13         SH:  0    Dex: 14    Spells: 5/7 levels left

rFire    . . .     SeeInvis .   a - +0 falchion
rCold    . . .     Faith    .   (no shield)
rNeg     . . .     Spirit   .   e - +0 ring mail
rPois    .         Reflect  .   (no helmet)
rElec    .         Harm     .   (no cloak)
rCorr    .         Rampage  .   (no gloves)
Will     .....                  (no boots)
Stlth    +.........             (no amulet)
HPRegen  0.05/turn              (no ring)
MPRegen  0.11/turn              (no ring)

@: no status effects
A: no striking features
a: no special abilities


You were on level 1 of the Dungeon.
You visited 1 branch of the dungeon, and saw 1 of its levels.

You collected 13 gold pieces.

Inventory:

Hand Weapons
 a - a +0 falchion (weapon)
Missiles
 d - 5 boomerangs of dispersal (quivered)
Armour
 e - a +0 ring mail (worn)
Scrolls
 b - 2 scrolls of identify {unknown}
 c - a scroll of blinking
Potions
 f - a potion of haste {unknown}


   Skills:
 + Level 1.8 Fighting
 * Level 2.4 Long Blades
 - Level 1.0 Throwing
 - Level 0.7 Armour
 - Level 2.4 Dodging
 - Level 3.0 Spellcasting
 - Level 3.2 Translocations


You had 5 spell levels left.
You knew the following spells:

 Your Spells              Type           Power      Damage    Failure   Level
a - Blink                 Tloc           N/A        N/A       22%         2

Your spell library contained the following spells:

 Spells                   Type           Power      Damage    Failure   Level
 Gell's Gravitas          Tloc           6%         N/A       38%         3
 Lesser Beckoning         Tloc           6%         N/A       38%         3
 Teleport Other           Tloc           13%        N/A       38%         3
 Manifold Assault         Tloc           13%        N/A       98%         5


Dungeon Overview and Level Annotations

Branches:
Dungeon (1/15)

Altars:

Shops:
D:1 *


Message History

Confirm with . or Enter, or press ? or * to list all spells.
You miscast Blink.
You are very lightly contaminated with residual magic.
Nothing appears to happen.
The hobgoblin misses you.
You riposte.
You hit the hobgoblin but do no damage.
Casting: Blink (safe; 22% risk of failure)
Confirm with . or Enter, or press ? or * to list all spells.
You blink.
The kobold throws a stone.
The stone closely misses you.
The kobold throws a stone.
The stone hits you but does no damage.
The kobold throws a stone.
The stone hits you but does no damage.
The kobold throws a stone.
The stone closely misses you.
Your magical contamination has completely faded away.
There is an open door here.
You close the door.
A kobold opens the door.
You open the door.
The kobold throws a stone.
The stone hits you but does no damage.
The kobold throws a stone.
The stone closely misses you.
There is an open door here.
As you close the door, it creaks loudly!
A kobold opens the door.
The kobold throws a stone.
The stone closely misses you.
The kobold throws a stone.
The stone hits you but does no damage.
There is a stone staircase leading down here.
You open the door.
The kobold throws a stone.
The stone barely misses you.
There is an open door here.
You close the door.
A kobold opens the door.
There is an open door here.
The kobold hits you with a +0 club.
You closely miss the kobold. The kobold barely misses you.
You riposte.
You hit the kobold.
The kobold is severely wounded.
The kobold hits you with a +0 club.
* * * LOW HITPOINT WARNING * * *
You completely miss the kobold.
The kobold is severely wounded.
The kobold hits you with a +0 club.
You die...

##...## #####.# #.#.##.#
##.....## #.....# #......#
##.......## #..#### ##....##
#.........####..K#########.....##
'.........K....>.................
#..[......####...######........g#
##.......## #..## #.........#
##.....## #.#### #.........#
##...## #..@.# ####...#### ##'##
####K# #...# ##K####### #.#
####...### ####......K.# #.#
#........# ......#####.# #.#
#.##.###g# ###....## #.# #.#
#.##.# #.# ###.....###.# #.#
#.##.###.## .....∩......# #.#
#.##......K ###....###..#####.#
#.######.##


You could see a kobold.

Vanquished Creatures
  A ball python (D:1)
  2 bats (D:1)
  2 endoplasms (D:1)
  A giant cockroach (D:1)
  A quokka (D:1)
  2 frilled lizards (D:1)
  2 rats (D:1)
11 creatures vanquished.

Notes
Turn   | Place    | Note
-------+----------+-------------------------------------------
     0 | D:1      | Spaninq the Deep Elf Warper began the quest for the Orb.
     0 | D:1      | Reached XP level 1. HP: 12/12 MP: 6/6
   225 | D:1      | Found Cophitsi's Assorted Antiques.
   703 | D:1      | Reached XP level 2. HP: 17/17 MP: 8/8
   720 | D:1      | Learned a level 2 spell: Blink
   917 | D:1      | Slain by a kobold

Illustrated notes

Levels and vault maps discovered:
D:1:      heliophobic_arrival_henge, layout_loops_corners,
          hellmonk_ecumenical_altar_crossroads, serial_shops, shop

Skill      XL: |  1 |
---------------+----+-----
Long Blades    | 2 |  2.4
Fighting       | |  1.8
Throwing       | |  1.0
Armour         | |  0.7
Dodging        | |  2.4
Spellcasting   | |  3.0
Translocations | |  3.2

Action                   || total
-------------------------++-------
Melee: Falchion          ||    40
 Cast: Blink             ||     2
Armor: Ring mail         ||    15
       Leather armour    ||     4
Dodge: Dodged            ||    29
       Rpst.: Falchion   ||    13
